 Dungeon Crawl Stone Soup version 0.31-a0-819-gf6de2f5ab6 (webtiles) character file.

Game seed: 12374152830367259794

629 qw the Shooter (level 7, -3/43 HPs)
             Began as a Gargoyle Hunter on Sept 23, 2023.
             Slain by Pikel
             ... wielding a +1 whip of flaming
              (8 damage)
             ... on level 5 of the Dungeon.
             The game lasted 00:01:21 (3144 turns).

qw the Shooter (Gargoyle Hunter)                    Turns: 3144, Time: 00:01:22

Health: -3/43      AC:  8    Str: 15    XL:     7   Next: 48%
Magic:  7/7        EV: 12    Int:  9    God:
Gold:   248        SH:  0    Dex: 15    Spells: 6/6 levels left

rFire   + . .        Y - +1 shortbow
rCold   . . .        (shield currently unavailable)
rNeg    + . .        c - +0 leather armour
rPois   inf          (helmet restricted)
rElec   +            (no cloak)
rCorr   .            b - +0 pair of gloves
SInv    .            (no boots)
Will    +....        (no amulet)
Stlth   ++           (no ring)
HPRegen 0.27/turn    (no ring)
MPRegen 0.10/turn

%: clarity
@: no status effects
A: sickness immunity, AC +4, negative energy resistance 1, electricity
resistance, torment resistance 1, petrification resistance, antennae 1, clarity,
fire resistance 1, strong-willed 1
a: no special abilities


You were on level 5 of the Dungeon.
You visited 1 branch of the dungeon, and saw 5 of its levels.

You collected 248 gold pieces.


Innate Abilities, Weirdness & Mutations

You are immune to sickness and miasma.
Your stone body is resilient. (AC +4)
You are immune to poison.
You resist negative energy. (rN+)
You are resistant to electric shocks. (rElec)
You are resistant to unholy torment.
You are immune to petrification.
You have a pair of small antennae on your head.
You possess an exceptional clarity of mind.
Your flesh is heat resistant. (rF+)
You are strong-willed. (Will+)


   Skills:
 - Level 4.2 Fighting
 + Level 7.9 Ranged Weapons
 - Level 1.0 Armour
 - Level 2.0 Dodging
 - Level 1.1 Stealth


You had 6 spell levels left.
You didn't know any spells.
Your spell library was empty.

Inventory:

Hand Weapons
 Y - a +1 shortbow (weapon)
Armour
 b - a +0 pair of gloves (worn)
 c - a +0 leather armour (worn)
 j - a +0 ring mail
 k - a +0 cloak
Jewellery
 i - an amulet of guardian spirit
Scrolls
 a - a scroll of identify
Potions
 d - 3 potions of curing
 e - a potion of ambrosia {unknown}
 f - 2 potions of mutation
 g - a potion of berserk rage {unknown}
 h - a potion of haste

Dungeon Overview and Level Annotations

Branches:
Dungeon (5/15)
 Temple: D:4-7

Altars:
Yredelemnul

Annotations:
D:5 Pikel


Message History

You shoot an arrow. The arrow closely misses Pikel.
Pikel hits you with a +1 whip of flaming!
Pikel burns you.
You shoot an arrow.
The arrow hits Pikel but does no damage.
Pikel hits you with a +1 whip of flaming.
You shoot an arrow. The arrow barely misses Pikel.
Pikel hits you with a +1 whip of flaming!
You shoot an arrow. The arrow hits Pikel.
Pikel is lightly wounded.
Pikel hits you but does no damage.
You shoot an arrow. The arrow hits Pikel.
Pikel is lightly wounded.
Pikel hits you but does no damage.
You shoot an arrow. The arrow misses Pikel.
Pikel hits you with a +1 whip of flaming.
You shoot an arrow.
The arrow hits Pikel but does no damage.
Pikel is lightly wounded.
Pikel barely misses you.
You shoot an arrow.
The arrow hits Pikel but does no damage.
Pikel is lightly wounded.
Pikel completely misses you.
You shoot an arrow. The arrow hits Pikel!
Pikel is moderately wounded.
Pikel hits you but does no damage.
You shoot an arrow.
The arrow hits Pikel but does no damage.
Pikel is moderately wounded.
Pikel completely misses you.
Pikel hits you with a +1 whip of flaming.
You shoot an arrow.
The arrow hits Pikel but does no damage.
Pikel is moderately wounded.
Pikel hits you with a +1 whip of flaming.
You shoot an arrow. The arrow closely misses Pikel.
Pikel hits you with a +1 whip of flaming!
You die...
Pikel says, "See you in Hell!"

.......#..............[........
.......###############.########
######'### #..#### #......#
##....# #......# #....##
#......# #.....# #......#
######.....###
#...).##########....#.......#
###(............@#{...#....##.##
.....)...).......K....'...)....
###..............#....#######.#
########.....).#....#######.###
#.......#....##......)..
#.......#....##.####....
##....[..#....##.#.......
.8#.......#....##.#.#####.
.##.......#....##'#.#.###.


You could see Pikel.

Vanquished Creatures
  2 lemures (D:5)
  3 scorpions (D:5)
  A jelly (D:3)
  3 hounds
  3 orc priests (D:5)
  An iguana (D:4)
  2 orc wizards (D:5)
  8 adders
  2 ufetubi
  2 worms
  A dart slug (D:2)
  7 orcs
  5 ball pythons
  6 endoplasms
  3 giant cockroaches
  5 goblins
  8 hobgoblins
  6 jackals
  7 kobolds
  3 quokkas
  4 bats
  A frilled lizard (D:2)
  5 rats
88 creatures vanquished.

Notes
Turn   | Place    | Note
-------+----------+-------------------------------------------
     0 | D:1      | qw the Gargoyle Hunter began the quest for the Orb.
     0 | D:1      | Reached XP level 1. HP: 12/12 MP: 1/1
     0 | D:1      | 0 ||| qw: Version: 0.3-a-83-gcd0e7d8
     0 | D:1      | 0 ||| qw: Game counter: 1382
     0 | D:1      | 0 ||| qw: Melee chars always use a shield: true
     0 | D:1      | 0 ||| qw: God list: Okawaru
     0 | D:1      | 0 ||| qw: Allow faded altars: false
     0 | D:1      | 0 ||| qw: Do Orc after clearing Dungeon:15 true
     0 | D:1      | 0 ||| qw: Do second Lair branch before Depths: true
     0 | D:1      | 0 ||| qw: Lair rune preference: random
     0 | D:1      | 0 ||| qw: Goals: Normal
     0 | D:1      | 0 ||| PLANNING D:1-11
    85 | D:1      | Reached XP level 2. HP: 14/17 MP: 2/2
   445 | D:1      | Reached XP level 3. HP: 21/21 MP: 3/3
   625 | D:1      | Found a basalt altar of Yredelemnul.
   630 | D:1      | 630 ||| READING scroll labelled DUTISOWEQU.
   631 | D:1      | 631 ||| READING scroll labelled UTYUFASITS.
   636 | D:1      | 636 ||| READING 2 scrolls labelled RYCRUH UZXOKK.
   637 | D:1      | 637 ||| DROPPING scroll of butterflies.
   638 | D:1      | 638 ||| DROPPING scroll of poison.
   686 | D:2      | Reached skill level 5 in Ranged Weapons
   926 | D:2      | Reached skill level 3 in Fighting
   987 | D:2      | Reached XP level 4. HP: 28/28 MP: 4/4
  1123 | D:2      | 1123 ||| UPGRADING to +0 pair of gloves.
  1128 | D:2      | 1128 ||| DRINKING 2 red potions.
  1128 | D:2      | Gained mutation: You possess an exceptional clarity of
                  | mind. [potion of mutation]
  1128 | D:2      | Gained mutation: You have a pair of small antennae on your
                  | head. [potion of mutation]
  1128 | D:2      | Gained mutation: Your flesh is heat resistant. (rF+)
                  | [potion of mutation]
  1128 | D:2      | Gained mutation: You are strong-willed. (Will+) [potion of
                  | mutation]
  1129 | D:2      | 1129 ||| DRINKING 2 lumpy green potions.
  1167 | D:2      | 1167 ||| READING 4 scrolls of identify.
  1167 | D:2      | 1167 ||| IDENTIFYING fuming puce potion
  1168 | D:2      | 1168 ||| READING 3 scrolls of identify.
  1168 | D:2      | 1168 ||| IDENTIFYING murky ruby potion
  1169 | D:2      | 1169 ||| READING 2 scrolls of identify.
  1169 | D:2      | 1169 ||| IDENTIFYING green potion
  1170 | D:2      | 1170 ||| DROPPING potion of degeneration.
  1171 | D:2      | 1171 ||| DROPPING potion of lignification.
  1196 | D:3      | 1196 ||| STAIRDANCE
  1204 | D:3      | 1204 ||| STAIRDANCE
  1282 | D:3      | Reached skill level 6 in Ranged Weapons
  1282 | D:3      | Reached XP level 5. HP: 22/32 MP: 5/5
  1436 | D:3      | Reached skill level 1 in Armour
  1645 | D:3      | 1645 ||| READING scroll labelled XOTSUW VOCU.
  1746 | D:3      | 1746 ||| READING scroll labelled QEHEECSEPNEI.
  1755 | D:4      | 1755 ||| STAIRDANCE
  2188 | D:4      | Reached XP level 6. HP: 38/38 MP: 6/6
  2394 | D:4      | 2394 ||| READING scroll labelled QOOHAE ZYJOTA.
  2444 | D:5      | Entered Level 5 of the Dungeon
  2583 | D:5      | Reached skill level 7 in Ranged Weapons
  2699 | D:5      | Reached XP level 7. HP: 40/43 MP: 7/7
  2899 | D:5      | 2899 ||| RETREEAATING.
  2900 | D:5      | 2900 ||| STILL RETREEAATING.
  2901 | D:5      | 2901 ||| STILL RETREEAATING.
  2923 | D:5      | HP: 9/43 [lemure[Pikel] (2)]
  3073 | D:5      | Identified the +5 short sword of Innocence {speed, *Rage
                  | rN+ Dex+3 SInv}
  3126 | D:5      | Noticed Pikel
  3128 | D:5      | 3128 ||| RETREEAATING.
  3129 | D:5      | 3129 ||| STILL RETREEAATING.
  3143 | D:5      | HP: 5/43 [Pikel/+1 whip of flaming (6)]
  3144 | D:5      | Slain by Pikel

Levels and vault maps discovered:
D:1:      dpeg_arrival_water_altar, layout_basic, minmay_split_cup_large
D:2:      layout_basic
D:3:      layout_rooms
D:4:      layout_gridville
D:5:      layout_basic, nicolae_overflow_hidden_temple, uniq_grinder, uniq_pikel

Skill      XL: |  1  2  3  4  5  6 |
---------------+-------------------+-----
Ranged Weapons | 5 6 7 |  7.9
Fighting       | 3 4 |  4.2
Armour         | 1 |  1.0
Dodging        | 2 |  2.0
Stealth        | |  1.1

Action                     |  1- 3 |  4- 6 |  7- 9 || total
---------------------------+-------+-------+-------++-------
   Fire: Shortbow          |   102 |   145 |    92 ||   339
    Use: Scroll            |     3 |     6 |       ||     9
         Potion            |       |     2 |       ||     2
 Armour: Leather armour    |    20 |    40 |    46 ||   106
  Dodge: Dodged            |    38 |    40 |    45 ||   123

Table legend:
 A = Non-vault XP
 B = Vault XP
 C = Vault XP percentage of total XP
 D = Non-vault monster count
 E = Vault monster count
 F = Vault count percentage of total count
                 A         B        C        D         E       F
            +---------+---------+-------+---------+---------+-------
      Total |     892 |       7 |   0.8 |      81 |       5 |   5.8
            +---------+---------+-------+---------+---------+-------
        D:1 |      29 |       7 |  19.4 |      17 |       5 |  22.7
        D:2 |      83 |       0 |   0.0 |      25 |       0 |   0.0
        D:3 |     138 |       0 |   0.0 |      15 |       0 |   0.0
        D:4 |      90 |       0 |   0.0 |       7 |       0 |   0.0
        D:5 |     552 |       0 |   0.0 |      17 |       0 |   0.0
            +---------+---------+-------+---------+---------+-------
